 Dungeon Sprint DCSS version 0.26-a0-652-gafc20e3620 (webtiles) character file.

Game seed: 18197211761237312410

63 sahdkjhfkaj the Ducker (level 3, 0/30 HPs)
             Began as a Felid Chaos Knight on Oct 2, 2020.
             Was a Plaything of Xom.
             Succumbed to a wight's poison
             ... in the Dungeon (Sprint VII: "The Pits").
             The game lasted 00:01:12 (403 turns).

sahdkjhfkaj the Ducker (Felid Chaos Knight)          Turns: 403, Time: 00:01:13

Health: 0/30       AC:  1    Str:  9    XL:     3   Next: 89%
Magic:  4/4        EV: 21    Int: 13    God:    Xom [.....*]
Gold:   0          SH:  0    Dex: 15    Spells: 2/2 levels left
                                        Lives:  0   Deaths: 0

rFire    . . .     SeeInvis +     - Unarmed
rCold    . . .     Faith    .   (shield unavailable)
rNeg     . . .     Spirit   .   (armour unavailable)
rPois    .         Reflect  .   (helmet unavailable)
rElec    .         Harm     .   (cloak unavailable)
rCorr    .         Rampage  .   (gloves unavailable)
MR       .....     NoTele   +   (boots unavailable)
Stlth    ..........             (no amulet)
HPRegen  0.10/turn              (no ring)
MPRegen  0.09/turn              (no ring)

@: berserking, lethally poisoned (0 -> -25), lightly drained, very quick
A: very small, no armour, no weapons or thrown items, stealth, claws 1, fangs 3,
see invisible, speed 1, shaggy fur 1, sharp paws
a: Renounce Religion


You were in the Dungeon.
You worshipped Xom.
You were Xom's teddy bear.
You visited 1 branch

Inventory:

Scrolls
 f - a scroll of blinking
 h - 3 scrolls of remove curse
 i - 5 scrolls of amnesia
 j - a scroll of summoning
 k - 2 scrolls of vulnerability
Potions
 a - a potion of curing
 b - a potion of heal wounds
 c - a potion of haste
 d - 4 potions of magic
 e - 2 potions of berserk rage
 g - 2 potions of invisibility


   Skills:
 + Level 5.7(5.4) Fighting
 + Level 6.2(5.9) Dodging
 + Level 5.1(4.7) Unarmed Combat


You had 2 spell levels left.
You didn't know any spells.
Your spell library was empty.

Dungeon Overview and Level Annotations

Branches:
Dungeon (1/1)

Altars:
Ashenzari
Cheibriados
Dithmenos
Elyvilon
Fedhas
Gozag
Hepliaklqana
Kikubaaqudgha
Makhleb
Nemelex Xobeh
Okawaru
Qazlal
Ru
Sif Muna
Trog
Uskayaw
Vehumet
Wu Jian
Xom
Yredelemnul
Zin
The Shining One
Beogh
Jiyva
Lugonu


Innate Abilities, Weirdness & Mutations

You cannot wear armour.
You are incapable of wielding weapons or throwing items.
Your paws allow you to move quietly. (Stealth)
You have sharp claws.
You have razor-sharp teeth.
You have supernaturally acute eyesight. (SInv)
You cover ground quickly.
You are covered in fur. (AC +1)
Your sharp claws are effective at attacking unaware monsters.


Message History

Your life force feels restored.
Your Fighting skill increases to level 5!
Your Dodging skill gained 2 levels and is now at level 6!
Your Unarmed Combat skill increases to level 5!
You have reached level 3!
Your experience leads to an increase in your attributes!
Increase (S)trength, (I)ntelligence, or (D)exterity?
You feel stronger.
You feel sick. The bat completely misses you. The wight closely misses you.
Unknown command.
Unknown command.
You barely miss the bat. The bat misses you. The bat hits you.
The wight hits you from afar with a cursed +2 spear of venom!
* * * LOW HITPOINT WARNING * * *
You feel drained.
* * * LOW HITPOINT WARNING * * *
You are more poisoned.
You barely miss the bat.
You die...
Xom chortles!

#..(.')))'.##......#..#
##########.##..........
#.....†.....'..........
#+#####)#####......#..#
,#.....#∆∆*#..........
,#.....#∆∆*####'#####+
*,###+###∆∆ #.......#
,#.....#∆∆*#.......#
#...@.#∆∆ #.......#
####b## #...<...#


G5z *#.......# , ,..... ,*#.......# #######* #.......# ,, ######### * ,, * ∆∆∆∆
∆∆∆∆ You could see a floating eye, a wight, an ufetubus and a bat.

Vanquished Creatures
  A wight (D)
  A gnoll (D)
  An ooze (D)
  2 leopard geckos (D)
  3 jackals (D)
8 creatures vanquished.

Notes
Turn   | Place    | Note
-------+----------+-------------------------------------------
     0 | D        | sahdkjhfkaj the Felid Chaos Knight began the quest for the
                  | Orb.
     0 | D        | Reached XP level 1. HP: 10/10 MP: 2/2
    17 | D        | Found a bloodstained altar of Trog.
    17 | D        | Found a shimmering blue altar of Sif Muna.
    17 | D        | Found a viscous altar of Jiyva.
    17 | D        | Found a hazy altar of Hepliaklqana.
    17 | D        | Found an opulent altar of Gozag.
    18 | D        | Found a glowing golden altar of the Shining One.
    18 | D        | Found a glowing silver altar of Zin.
    18 | D        | Found a basalt altar of Yredelemnul.
    18 | D        | Found a shimmering altar of Xom.
    18 | D        | Found an ornate altar of the Wu Jian Council.
    18 | D        | Found a sacrificial altar of Ru.
    18 | D        | Found a stormy altar of Qazlal.
    18 | D        | Found an iron altar of Okawaru.
    18 | D        | Found a sparkling altar of Nemelex Xobeh.
    18 | D        | Found a burning altar of Makhleb.
    18 | D        | Found a blossoming altar of Fedhas.
    18 | D        | Found a white marble altar of Elyvilon.
    18 | D        | Found a shadowy altar of Dithmenos.
    18 | D        | Found a snail-covered altar of Cheibriados.
    19 | D        | Found a radiant altar of Vehumet.
    19 | D        | Found a corrupted altar of Lugonu.
    19 | D        | Found a roughly hewn altar of Beogh.
    20 | D        | Found an ancient bone altar of Kikubaaqudgha.
    20 | D        | Found a hide-covered altar of Uskayaw.
    20 | D        | Found a broken altar of Ashenzari.
    61 | D        | Reached skill level 4 in Dodging
    61 | D        | Reached XP level 2. HP: 11/15 MP: 3/3
   141 | D        | XOM: divination: detect items
   191 | D        | XOM: silly message
   363 | D        | XOM: divination: magic mapping
   364 | D        | Noticed a wight
   364 | D        | Noticed a wight
   397 | D        | XOM: scenery: 1 doors open, 1 doors close
   398 | D        | Noticed a floating eye
   401 | D        | Killed a wight
   401 | D        | Reached skill level 5 in Fighting
   401 | D        | Reached skill level 6 in Dodging
   401 | D        | Reached skill level 5 in Unarmed Combat
   401 | D        | Reached XP level 3. HP: 12/20 MP: 4/4
   402 | D        | HP: 1/30 [wight/cursed +2 spear of venom (2)]
   403 | D        | Succumbed to a wight's poison

Illustrated notes

Levels and vault maps discovered:
D:        pitsprint [storerooms_1, entrance_room_1, metal_vault_2, armoury_2,
          mini_pit_1, grid_room_1, main_hall_1, silver_pit, the_coven_3,
          the_vestibule_1, steel_vault_5, golden_pit, hallway_of_sentries,
          crystal_vault_2, iron_vault_2, final_vault]

Skill      XL: |  1  2 |
---------------+-------+-----
Fighting       | 4 5 |  5.7
Dodging        | 4 6 |  6.2
Unarmed Combat | 5 |  5.1

Action                   || total
-------------------------++-------
Melee: Unarmed           ||    33
       Bite              ||     3
  Use: Potion            ||     1
 Stab: Sleeping          ||     1
Armor: Skin              ||     2
Dodge: Dodged            ||    22

Table legend: (Time is in decaauts)
 A = Elapsed time spent in this place.
 B = Non-inter-level travel time spent in this place.
 C = Inter-level travel time spent in this place.
 D = Time resting spent in this place.
 E = Time spent auto-exploring this place.
 F = Levels seen in this place.
 G = Mean time per level.
                   A        B        C        D        E       F      G
               +--------+--------+--------+--------+--------+-----+--------+
         Total |    387 |    387 |      0 |    253 |      0 |   1 |  387.0 |
       Dungeon |    387 |    387 |      0 |    253 |      0 |   1 |  387.0 |
               +--------+--------+--------+--------+--------+-----+--------+

Top non-repeatable levels by time:
       D: 387 daAuts
